 Dungeon Crawl Stone Soup version 0.27.0-1-g7a089689b8 (webtiles) character file.

Game seed: 9289154888143008071

446 Eitelfritz the Covered (level 7, -1/60 HPs)
             Began as a Hill Orc Fighter on Aug 3, 2021.
             Slain by a centaur (5 damage)
             ... on level 3 of the Dungeon.
             The game lasted 00:04:22 (2723 turns).

Eitelfritz the Covered (Hill Orc Fighter)           Turns: 2723, Time: 00:04:24

Health: -1/60      AC:  9    Str: 21    XL:     7   Next: 3%
Magic:  7/7        EV:  8    Int:  8    God:
Gold:   47         SH: 10    Dex: 13    Spells: 6/6 levels left

rFire    . . .     SeeInvis .   a - +0 long sword
rCold    . . .     Faith    .   c - +0 kite shield
rNeg     . . .     Spirit   .   m - +0 scale mail
rPois    .         Reflect  .   (no helmet)
rElec    .         Harm     .   (no cloak)
rCorr    .         Rampage  .   h - +1 pair of gloves {Dex+3}
Will     .....                  (no boots)
Stlth    ..........             (no amulet)
HPRegen  0.20/turn              (no ring)
MPRegen  0.10/turn              (no ring)

@: no status effects
A: no striking features
a: no special abilities


You were on level 3 of the Dungeon.
You visited 1 branch of the dungeon, and saw 3 of its levels.
You also visited: Sewer.

You collected 47 gold pieces.

Inventory:

Hand Weapons
 a - a +0 long sword (weapon)
 b - a +0 hunting sling
Missiles
 g - 157 stones (quivered)
 p - 2 boomerangs
Armour
 c - a +0 kite shield (worn)
 h - a +1 pair of gloves of dexterity (worn)
 m - a +0 scale mail (worn)
Jewellery
 d - a ring of magical power
 o - a ring of protection from cold
Scrolls
 e - 2 scrolls of blinking {unknown}
 f - a scroll of identify {unknown}
 i - a scroll of magic mapping {unknown}
 k - a scroll of amnesia {unknown}
 q - a scroll of noise {unknown}
 r - a scroll of immolation {unknown}
Potions
 j - a potion of curing {unknown}
 l - a potion of ambrosia {unknown}
 n - a potion of berserk rage {unknown}
 s - a potion of might


   Skills:
 + Level 4.7 Fighting
 + Level 4.9 Long Blades
 + Level 5.0 Armour
 + Level 1.3 Dodging
 + Level 0.1 Stealth
 + Level 4.6 Shields


You had 6 spell levels left.
You didn't know any spells.
Your spell library was empty.

Dungeon Overview and Level Annotations

Branches:
Dungeon (3/15)              Sewer (visited)

Altars:


Message History

The centaur barely misses you. The centaur closely misses you.
You riposte.
You hit the centaur.
The centaur is lightly wounded.
You block the centaur's attack. You block the bat's attack.
You slash the centaur!
The centaur is heavily wounded.
The bat hits you but does no damage. x2; You block the bat's attack.
The centaur hits you.
* * * LOW HITPOINT WARNING * * *
The centaur kicks you but does no damage.
The centaur hits you but does no damage.
The centaur barely misses you.
You hit the centaur.
The centaur is heavily wounded.
You block the bat's attack. The centaur closely misses you.
You block the centaur's attack. You block the bat's attack.
You block the centaur's attack. The centaur kicks you.
* * * LOW HITPOINT WARNING * * *
Unknown command.
You hit the centaur.
The centaur is severely wounded.
The bat hits you but does no damage. You block the bat's attack.
The centaur hits you.
* * * LOW HITPOINT WARNING * * *
The centaur barely misses you. You block the centaur's attack. x2
You completely miss the centaur.
The centaur is severely wounded.
You block the bat's attack. The centaur hits you.
* * * LOW HITPOINT WARNING * * *
You block the centaur's attack. The centaur barely misses you.
You riposte.
You hit the centaur but do no damage.
The centaur is severely wounded.
The centaur kicks you but does no damage.
You slash the centaur!
The centaur is almost dead.
The bat barely misses you.
You riposte.
Your shield prevents you from hitting the bat.
The centaur hits you but does no damage.
You block the centaur's attack. The centaur hits you.
You die...

...............#
≈≈≈≈≈##.#####.##
≈≈≈≈≈##.# #.#
..≈..≈≈.# #.#
.....≈≈.#####.###
.....≈≈.........#
.....≈≈.......#b# #
.....≈≈.#######.##.#
≈≈.≈≈##≈........@c.#
≈≈.≈≈##.#######.#..#
.≈......# #.#.....
#...##### #.#.#####
#.#.####### #.#.#
#.......... ....#
###........ ..###
######### ####


You could see a centaur and a bat.

Vanquished Creatures
  Sigmund (D:2)
  Purgy (Sewer)
  A necrophage (D:3)
  A hound (D:2)
  Jessica (D:2)
  A river rat (D:3)
  2 worms (D:3)
  A dart slug (D:3)
  6 ball pythons
  5 endoplasms (D:1)
  A giant cockroach (Sewer)
  A hobgoblin (D:2)
  7 kobolds
  3 quokkas (D:1)
  A bat (D:1)
  5 frilled lizards
  2 rats (D:1)
40 creatures vanquished.

Notes
Turn   | Place    | Note
-------+----------+-------------------------------------------
     0 | D:1      | Eitelfritz the Hill Orc Fighter began the quest for the
                  | Orb.
     0 | D:1      | Reached XP level 1. HP: 19/19 MP: 1/1
   350 | D:1      | Found a faded altar of an unknown god.
   363 | D:1      | Reached XP level 2. HP: 20/27 MP: 2/2
  1145 | D:2      | Reached skill level 4 in Armour
  1145 | D:2      | Reached XP level 3. HP: 29/33 MP: 3/3
  1382 | D:2      | Noticed Sigmund
  1403 | D:2      | Killed Sigmund
  1404 | D:2      | Reached skill level 1 in Dodging
  1404 | D:2      | Reached XP level 4. HP: 14/41 MP: 4/4
  1404 | D:2      | Reached XP level 5. HP: 16/47 MP: 5/5
  1714 | D:2      | Noticed Jessica
  1724 | D:2      | Killed Jessica
  1725 | D:2      | Reached XP level 6. HP: 37/53 MP: 6/6
  2241 | D:3      | Noticed a necrophage
  2252 | D:3      | Killed a necrophage
  2272 | D:3      | Found a glowing drain.
  2330 | Sewer    | Entered a sewer
  2427 | Sewer    | Noticed Purgy
  2440 | Sewer    | Killed Purgy
  2441 | Sewer    | Reached skill level 5 in Armour
  2441 | Sewer    | Reached XP level 7. HP: 37/60 MP: 7/7
  2723 | D:3      | Slain by a centaur

Illustrated notes

Levels and vault maps discovered:
D:1:      moated_graveyard_arrival, layout_basic,
          ebering_ecumenical_altar_abandoned
D:2:      layout_basic, uniq_jessica, uniq_sigmund
D:3:      layout_basic, jmf_multi_god_temple2, cheibrodos_sewer_entry_sluice

Skill      XL: |  1  2  3  4  5  6 |
---------------+-------------------+-----
Armour         | 4 5 |  5.0
Fighting       | 4 |  4.7
Long Blades    | 4 |  4.9
Dodging        | 1 |  1.3
Shields        | 4 |  4.6
Stealth        | |  0.1

Action                   |  1- 3 |  4- 6 |  7- 9 || total
-------------------------+-------+-------+-------++-------
Melee: Long sword        |    73 |    67 |    21 ||   161
  Use: Potion            |     1 |       |       ||     1
Armor: Scale mail        |    38 |    31 |    20 ||    89
Dodge: Dodged            |    27 |    23 |    18 ||    68
Block: Kite shield       |    52 |    51 |    27 ||   130
       Rpst.: Long sword |     9 |     3 |     5 ||    17
